 Dungeon Crawl Stone Soup version 0.29-a0-96-g93358da72b (webtiles) character file.

Game seed: 695987725165556647

596 esteth the Magician (level 7, -9/45 HPs)
             Began as a Djinni Fire Elementalist on Feb 11, 2022.
             Mangled by Duvessa (15 damage)
             ... on level 4 of the Dungeon.
             The game lasted 00:12:05 (6387 turns).

esteth the Magician (Djinni Fire Elementalist)      Turns: 6387, Time: 00:12:05

Health: -9/45      AC:  3    Str:  7    XL:     7   Next: 67%
Gold:   152        EV: 12    Int: 24    God:
                   SH:  0    Dex: 14

rFire   + + .      SeeInvis .   e - +0 dagger (speed)
rCold   x . .      Faith    .   (no shield)
rNeg    . . .      Spirit   .   a - +0 robe
rPois   ∞          Reflect  .   (no helmet)
rElec   .          Harm     .   n - +0 cloak of Funo {+Blink}
rCorr   .          Rampage  .   (no gloves)
Will    .....                   (boots unavailable)
Stlth   +.........              (no amulet)
HPRegen 0.15/turn               I - +6 ring of intelligence
MPRegen 0.00/turn               Z - ring of wizardry

@: mighty, lit by a corona, flying, glowing, studying Armour
A: sickness immunity, fire resistance 2, cold vulnerability 1, float, innate
caster, HP casting, extra vitality 1
a: Evoke Blink


You were on level 4 of the Dungeon.
You visited 1 branch of the dungeon, and saw 4 of its levels.
You also visited: Sewer.

You collected 152 gold pieces.


Innate Abilities, Weirdness & Mutations

You are immune to sickness and miasma.
You are immune to poison.
Your flesh is very heat resistant. (rF++)
You are vulnerable to cold. (rC-)
You float through the air rather than walking.
You learn spells naturally, not from books.
Your magical power is your life essence.
You have superior vitality. (+4 MHP)


   Skills:
 + Level 3.6 Armour
 - Level 2.1 Dodging
 - Level 1.5 Stealth
 - Level 5.6 Spellcasting
 + Level 2.4 Evocations


You couldn't memorise any spells.
You knew the following spells:

 Your Spells              Type           Power      Damage    Failure   Level
c - Conjure Flame         Conj/Fire      33%        6-21      1%          3
f - Foxfire               Conj/Fire      100%       2x1d9     1%          1
i - Inner Flame           Hex/Fire       33%        N/A       1%          3
m - Magic Dart            Conj           100%       1d8       1%          1
s - Static Discharge      Conj/Air       33%        N/A       1%          2
t - Confusing Touch       Hex            33%        N/A       1%          3
X - Scorch                Fire           66%        2d8       1%          2
Y - Flame Wave            Conj/Fire      33%        2d8       3%          4
Your spell library was empty.

Inventory:

Hand Weapons
 e - a +0 dagger of speed (weapon)
   (You took it off a goblin on level 1 of the Dungeon)
Missiles
 d - 130 stones
 i - 5 boomerangs
Armour
 a - a +0 robe (worn)
 n - the +0 cloak of Funo (worn) {+Blink}
   (You acquired it on level 3 of the Dungeon)

   +Blink:    It lets you blink.
Jewellery
 C - a ring of ice
   (You found it on level 2 of the Dungeon)
 I - a +6 ring of intelligence (left hand)
   (You found it on level 2 of the Dungeon)
 L - a ring of flight
   (You found it on level 3 of the Dungeon)
 Z - a ring of wizardry (right hand)
   (You found it on level 4 of the Dungeon)
Wands
 m - a wand of flame (30)
   (You found it on level 3 of the Dungeon)
Scrolls
 c - a scroll of torment {!r}
 f - a scroll of fear {unknown}
 h - 3 scrolls of blinking {!r}
 j - a scroll of magic mapping {!r}
 l - a scroll of teleportation {@r4}
 o - a scroll of summoning {unknown}
 r - a scroll of vulnerability {unknown}
Potions
 b - a potion of curing {@q1}
 k - 2 potions of might
 p - a potion of lignification {unknown}

Dungeon Overview and Level Annotations

Branches:
Dungeon (4/15)              Sewer (visited)
 Temple: D:4-7

Altars:

Annotations:
D:2 1 runed translucent door, Crazy Yiuf
D:4 Duvessa

.###.....##.##.#####
.##................#
.###...#.#####.###.#
##
##.##.......###.##
#†###########...#
#.# #....# ##'#
#....# #...# #.####
.....# ##@# ......#
##e.# #
.......####...#####
+
.......').........#
#
.......###....###.#
......# #.#..# #.#
.....# ##.##.# #.#
#...# #.....# #.#
##'# #..#### #.#


You could see Duvessa (berserk).


Message History

The magic dart hits Dowan but does no damage. 😮 HP[-1]
You take 1 damage, and now have 32/45 hp.
Casting: Magic Dart (safe; 1% risk of failure)
Confirm with . or Enter, or press ? or * to list all spells.
Aiming: Magic Dart (safe; 1% risk of failure)
Press: ? - help, Shift-Dir - straight line, f/p - Dowan
Aim: Dowan, wielding a +2 dagger of venom and wearing a +0 robe (moderately wounded, 100% to hit)
The magic dart hits Dowan.
Dowan gestures at you while chanting. The puff of flame hits you.
You resist. 😮 HP[-3]
You take 3 damage, and now have 29/45 hp.
You are no longer glowing. 😮 HP[+1]
As you read the scroll of identify {@r1}, it crumbles to dust.
b - 2 potions of curing
As you read the scroll of identify {@r1}, it crumbles to dust.
k - 3 potions of might You feel very mighty all of a sudden.
Casting: Magic Dart (safe; 1% risk of failure)
Confirm with . or Enter, or press ? or * to list all spells.
You conjure some foxfire! 😮 HP[-1]
You take 1 damage, and now have 29/45 hp.
Casting: Foxfire (safe; 1% risk of failure)
Confirm with . or Enter, or press ? or * to list all spells.
You conjure some foxfire!
The foxfire hits Dowan but does no damage.
Casting: Foxfire (safe; 1% risk of failure)
Confirm with . or Enter, or press ? or * to list all spells.
You conjure some foxfire!
The foxfire hits Dowan but does no damage.
The foxfire hits Dowan.
Dowan casts a spell at you.
You are outlined in light. 😮 HP[-1]
You take 1 damage, and now have 28/45 hp.
Casting: Foxfire (safe; 1% risk of failure)
Confirm with . or Enter, or press ? or * to list all spells.
You conjure some foxfire!
The foxfire hits Dowan. 😮 HP[-1]
You take 1 damage, and now have 27/45 hp.
Casting: Foxfire (safe; 1% risk of failure)
Confirm with . or Enter, or press ? or * to list all spells.
You conjure some foxfire!
The foxfire hits Dowan! x2
You kill Dowan!
Duvessa screams in rage.
Duvessa goes berserk! 😮 HP[-1]
You take 1 damage, and now have 26/45 hp.
Casting: Foxfire (safe; 1% risk of failure)
Confirm with . or Enter, or press ? or * to list all spells.
You conjure some foxfire!
The foxfire hits Duvessa. x2 😮 HP[-1]
You take 1 damage, and now have 25/45 hp.
The foxfire hits Duvessa but does no damage. x2
The foxfire hits Duvessa.
It was a potion of ambrosia.
You are confused.
You feel invigorated. 😮 HP[+4]
You regained 4 hp, and now have 29/45 hp.
You are too confused!
You feel better.
You feel less invigorated. Duvessa hits you with a +0 rapier!
Duvessa barely misses you. 😕 HP[+5]
You regained 5 hp, and now have 34/45 hp.
Casting: Foxfire (safe; 1% risk of failure)
Confirm with . or Enter, or press ? or * to list all spells.
Casting: Flame Wave (dangerous; 3% risk of failure)
Press: ? - help, Dir - look around, f - activate A wave of flame ripples out!
The flame wave engulfs Duvessa but does no damage. (Press . to intensify the flame waves.) Duvessa hits you with a +0 rapier!
* * * LOW HITPOINT WARNING * * *
Duvessa closely misses you. 😨 HP[-20]
You take 20 damage, and now have 14/45 hp.
MASSIVE DAMAGE!! (PAUSE)
Casting: Flame Wave (dangerous; 3% risk of failure)
Confirm with . or Enter, or press ? or * to list all spells.
Restarting spell: Flame Wave (dangerous; 3% risk of failure)
Press: ? - help, Dir - look around, f - activate A wave of flame ripples out!
The flame wave engulfs Duvessa! (Press . to intensify the flame waves.)
* * * LOW HITPOINT WARNING * * *
Duvessa barely misses you. 😱 HP[-4]
You take 4 damage, and now have 10/45 hp.
Casting: Flame Wave (dangerous; 3% risk of failure)
Confirm with . or Enter, or press ? or * to list all spells.
Restarting spell: Flame Wave (dangerous; 3% risk of failure)
Press: ? - help, Dir - look around, f - activate A wave of flame ripples out!
The flame wave engulfs Duvessa. (Press . to intensify the flame waves.)
* * * LOW HITPOINT WARNING * * *
Duvessa hits you with a +0 rapier!
You die...

Skill      XL: |  1  2  3  4  5  6  7 |
---------------+----------------------+-----
Spellcasting   | 3 4 5 |  5.6
Armour         | 3 |  3.6
Evocations     | 2 |  2.4
Dodging        | |  2.1
Stealth        | |  1.5

Action                   |  1- 3 |  4- 6 |  7- 9 || total
-------------------------+-------+-------+-------++-------
Melee: Unarmed           |    13 |       |       ||    13
       Dagger            |     3 |    32 |     6 ||    41
       Punch             |       |     1 |       ||     1
 Cast: Foxfire           |    47 |   129 |    40 ||   216
       Scorch            |     6 |     4 |       ||    10
       Magic Dart        |     6 |    19 |     6 ||    31
       Flame Wave        |       |     1 |     3 ||     4
       Conjure Flame     |       |       |     1 ||     1
       Confusing Touch   |       |       |     1 ||     1
  Use: Scroll            |       |     7 |     2 ||     9
       Potion            |       |       |     3 ||     3
 Stab: Sleeping          |       |     2 |       ||     2
Armor: Robe              |     3 |    10 |       ||    13
Dodge: Dodged            |    17 |    40 |    12 ||    69

Levels and vault maps discovered:
D:1:      mushboom_english_gardens, layout_loops_ring, serial_bayou_lagoon_b
D:2:      minmay_door_path, layout_basic, uniq_crazy_yiuf_cottage
D:3:      mumra_celtic_spiral_tile, layout_loops_ring,
          cheibrodos_sewer_entry_bend, grunt_ministairs_2
D:4:      layout_loops_corners, lemuel_mausoleum_altar_kikubaaqudgha,
          uniq_duvessa, uniq_natasha

Notes
Turn   | Place    | Note
-------+----------+-------------------------------------------
     0 | D:1      | esteth the Djinni Fire Elementalist began the quest for the
                  | Orb.
     0 | D:1      | Reached XP level 1. HP: 15/15 MP: 0/0
     0 | D:1      | magus.rc [v1.11.3]
    21 | D:1      | HP: 1/15 [frozen (4)]
   540 | D:1      | Reached XP level 2. HP: 5/21 MP: 0/0
   875 | D:1      | Reached skill level 3 in Spellcasting
  1029 | D:1      | Reached XP level 3. HP: 12/25 MP: 0/0
  1029 | D:1      | Learned a level 1 spell: Magic Dart
  2400 | D:2      | Reached XP level 4. HP: 27/31 MP: 0/0
  2818 | D:2      | Reached skill level 4 in Spellcasting
  2818 | D:2      | Reached XP level 5. HP: 26/35 MP: 0/0
  2818 | D:2      | Learned a level 2 spell: Static Discharge
  3807 | D:2      | Found a runed translucent door.
  3808 | D:2      | Noticed Crazy Yiuf
  4015 | D:3      | Found a glowing drain.
  4042 | Sewer    | Entered a sewer
  4442 | Sewer    | Reached XP level 6. HP: 38/40 MP: 0/0
  4611 | Sewer    | Reached skill level 5 in Spellcasting
  5043 | D:3      | Identified 2 scrolls of acquirement
  5045 | D:3      | Acquired the +0 cloak of Funo {+Blink}
  5328 | D:3      | Acquired a manual of Armour
  5547 | D:3      | Reached XP level 7. HP: 43/45 MP: 0/0
  5547 | D:3      | Learned a level 3 spell: Confusing Touch
  5783 | D:4      | Noticed Natasha
  5790 | D:4      | Killed Natasha
  5863 | D:4      | Reached skill level 1 in Armour
  5863 | D:4      | Reached skill level 1 in Evocations
  6228 | D:4      | Noticed Natasha
  6236 | D:4      | Killed Natasha
  6237 | D:4      | Reached skill level 2 in Armour
  6240 | D:4      | Reached skill level 3 in Armour
  6240 | D:4      | Reached skill level 2 in Evocations
  6348 | D:4      | Noticed Duvessa
  6349 | D:4      | Noticed Dowan
  6379 | D:4      | Killed Dowan
  6387 | D:4      | Mangled by Duvessa

Vanquished Creatures
  A necrophage (D:4)
  2 bullfrogs (Sewer)
  Dowan (D:4)
  A water moccasin skeleton (D:4)
  A centaur skeleton (D:2)
  Natasha (twice) (D:4)
  7 adders
  5 worms
  5 dart slugs
  An orc (D:4)
  8 bats
  12 endoplasms
  15 giant cockroaches
  7 goblins
  7 hobgoblins
  6 jackals
  8 quokkas
  11 ball pythons
  12 frilled lizards
  8 kobolds
  9 rats
129 creatures vanquished.

Vanquished Creatures (others)
  324 foxfires
324 creatures vanquished.

Grand Total: 453 creatures vanquished

Table legend:
 A = Non-vault XP
 B = Vault XP
 C = Vault XP percentage of total XP
 D = Non-vault monster count
 E = Vault monster count
 F = Vault count percentage of total count
                 A         B        C        D         E       F
            +---------+---------+-------+---------+---------+-------
      Total |     438 |     414 |  48.6 |      77 |      52 |  40.3
            +---------+---------+-------+---------+---------+-------
        D:1 |      44 |       0 |   0.0 |      25 |       0 |   0.0
        D:2 |     122 |      11 |   8.3 |      30 |       3 |   9.1
        D:3 |      44 |       7 |  13.7 |      17 |       3 |  15.0
        D:4 |     228 |     102 |  30.9 |       5 |       2 |  28.6
      Sewer |       0 |     294 | 100.0 |       0 |      44 | 100.0
            +---------+---------+-------+---------+---------+-------

Illustrated notes

Table legend:
 A = Kills in this place as a percentage of kills in entire the game.
 B = Kills by you in this place as a percentage of kills by you in the entire game.
 C = Kills by friends in this place as a percentage of kills by friends in the entire game.
 D = Other kills in this place as a percentage of other kills in the entire game.
 E = Experience gained in this place as a percentage of experience gained in the entire game.
 F = Experience gained in this place divided by the number of levels of this place that you have seen.
                   A       B       C       D       E      F
               +-------+-------+-------+-------+-------+----------------------
         Total | 100.0 | 100.0 |   N/A |   N/A | 100.0 | 170.4
       Dungeon |  65.9 |  65.9 |   N/A |   N/A |  65.5 | 139.5
         Sewer |  34.1 |  34.1 |   N/A |   N/A |  34.5 | 294.0
               +-------+-------+-------+-------+-------+----------------------

Table legend: (Time is in decaauts)
 A = Elapsed time spent in this place.
 B = Non-inter-level travel time spent in this place.
 C = Inter-level travel time spent in this place.
 D = Time resting spent in this place.
 E = Time spent auto-exploring this place.
 F = Levels seen in this place.
 G = Mean time per level.
                   A        B        C        D        E       F      G
               +--------+--------+--------+--------+--------+-----+--------+
         Total |   6376 |   6269 |    107 |    276 |   5153 |   5 | 1275.2 |
       Dungeon |   5675 |   5568 |    107 |    276 |   4639 |   4 | 1418.8 |
         Sewer |    701 |    701 |      0 |      0 |    514 |   1 |  701.0 |
               +--------+--------+--------+--------+--------+-----+--------+

Top non-repeatable levels by time:
     D:2: 1948 daAuts
     D:1: 1908 daAuts
     D:3: 1204 daAuts
   Sewer: 701 daAuts
     D:4: 614 daAuts
